 Dungeon Crawl Stone Soup version 0.29-a0-563-g64e4043184 (webtiles) character file.

Game seed: 15697803551219300450

1761 nobbins the Conjurer (level 8, 0/66 HPs)
             Began as a Purple Draconian Conjurer on June 11, 2022.
             Was a Believer of Makhleb.
             Slain by an orc warrior
             ... wielding a +0 war axe
              (17 damage)
             ... in a bailey.
             The game lasted 00:32:23 (7700 turns).

nobbins the Conjurer (Purple Draconian Conjurer)    Turns: 7700, Time: 00:32:24

Health: 0/66       AC:  6    Str:  9    XL:     8   Next: 79%
Magic:  9/17       EV: 12    Int: 21    God:    Makhleb [**....]
Gold:   159        SH:  0    Dex: 10    Spells: 11/19 levels left

rFire   x . .      SeeInvis .   h - +2 dagger (venom)
rCold   + . .      Faith    .   (no shield)
rNeg    . . .      Spirit   .   (body armour unavailable)
rPois   .          Reflect  .   (helmet restricted)
rElec   .          Harm     .   (no cloak)
rCorr   .          Rampage  .   (no gloves)
Will    +....                   (no boots)
Stlth   ++........              (no amulet)
HPRegen 0.21/turn               g - ring of ice
MPRegen 0.15/turn               (no ring)

@: no status effects
A: breathe power, AC +6, unfitting armour, cold-blooded
a: Breathe Dispelling Energy, Renounce Religion, Minor Destruction


You were in a bailey.
You worshipped Makhleb.
Makhleb was pleased with you.
You visited 1 branch of the dungeon, and saw 7 of its levels.
You also visited: Bailey.

You collected 315 gold pieces.
You spent 156 gold pieces at shops.

Inventory:

Hand Weapons
 d - a +0 dagger
 e - a +0 short sword
 h - a +2 dagger of venom (weapon)
 l - the +3 dagger of Famine {pain, rElec rF+ Int-3}
   (You found it on level 3 of the Dungeon)

   In the hands of one skilled in necromantic magic, it inflicts extra damage on
   living creatures.
   Int:       It affects your intelligence (-3).
   rF:        It protects you from fire.
   rElec:     It insulates you from electricity.
Jewellery
 g - a ring of ice (left hand)
 k - an amulet of faith
 m - an amulet of faith
Wands
 r - a wand of charming (8)
 t - a wand of iceblast (10)
Scrolls
 c - 3 scrolls of teleportation
 n - 2 scrolls of vulnerability
 q - a scroll of fog
Potions
 a - 2 potions of magic
 b - a potion of ambrosia {unknown}
 f - 2 potions of curing
 i - a potion of resistance {unknown}
 j - 3 potions of lignification
 o - 2 potions of brilliance
 p - 3 potions of degeneration
 v - 2 potions of flight {unknown}
 w - 3 potions of mutation


   Skills:
 + Level 3.8 Fighting
 + Level 4.0 Short Blades
 + Level 3.9 Dodging
 + Level 4.3 Stealth
 + Level 1.1 Unarmed Combat
 + Level 6.1 Spellcasting
 + Level 6.7 Conjurations
 + Level 2.4 Invocations


You had 11 spell levels left.
You knew the following spells:

 Your Spells              Type           Power      Damage    Failure   Level
a - Magic Dart            Conj           100%       1d8       1%          1
b - Searing Ray           Conj           68%        2d6       1%          2
c - Dazzling Flash        Conj/Hex       40%        N/A       8%          3
d - Passwall              Tmut/Erth      5%         N/A       14%         2

Your spell library contained the following spells:

 Spells                   Type           Power      Damage    Failure   Level
 Stone Arrow              Conj/Erth      40%        3d9       8%          3
 Sandblast                Erth           12%        2d6       10%         1
 Sting                    Tmut/Pois      24%        1d4       10%         1
 Poisonous Vapours        Pois/Air       12%        N/A       14%         2
 Fulminant Prism          Conj/Hex       10%        3d9       24%         4
 Iskenderun's Mystic Bla  Conj/Tloc      20%        2d6       24%         4
 Olgreb's Toxic Radiance  Pois           6%         N/A       67%         4
 Conjure Ball Lightning   Conj/Air       10%        3x3d6     98%         6
 Discord                  Hex            3%         N/A       100%        8
 Disjunction              Tloc           3%         N/A       100%        8


Dungeon Overview and Level Annotations

Branches:
Dungeon (7/15)             Temple (0/1) D:5          Bailey (1/1)

Altars:
Cheibriados
Dithmenos
Fedhas
Kikubaaqudgha
Makhleb
Nemelex Xobeh
Ru
Sif Muna
Uskayaw
Yredelemnul

Shops:
D:4 (   D:5 :   D:6 !

Annotations:
D:7 Pikel


Innate Abilities, Weirdness & Mutations

You can breathe bolts of dispelling energy.
Your rich purple scales are hard. (AC +6)
You cannot fit into any form of body armour.
You are cold-blooded and may be slowed by cold attacks.


Message History

The orc warrior barely misses you.
You kill the gnoll!
Makhleb accepts your kill.
You feel better.
Casting: Searing Ray (safe; 1% risk of failure)
Confirm with . or Enter, or press ? or * to list all spells.
Aiming: Searing Ray (safe; 1% risk of failure)
Press: ? - help, Shift-Dir - straight line, f - orc warrior
Aim: an orc warrior, wielding a +0 war axe and wearing a +0 plate armour (moderately wounded, 81% to hit)
The searing ray hits the orc warrior.
The orc warrior is heavily wounded.
The searing ray misses the gnoll. (Press . to maintain the ray.)
The orc warrior hits you with a +0 war axe!
The searing ray hits the orc warrior but does no damage.
The orc warrior is heavily wounded.
The orc warrior barely misses you. The gnoll hits you but does no damage.
The searing ray hits the orc warrior.
The orc warrior is severely wounded.
The orc warrior hits you with a +0 war axe.
The gnoll closely misses you.
You hit the orc warrior but do no damage.
The orc warrior is severely wounded.
The orc warrior hits you with a +0 war axe!
The gnoll hits you with a +0 hand axe.
You hit the orc warrior but do no damage.
The orc warrior is poisoned.
The orc warrior is severely wounded.
The orc warrior hits you with a +0 war axe.
The gnoll closely misses you.
You hit the orc warrior.
The orc warrior looks as sick as possible!
The orc warrior is severely wounded.
The orc warrior hits you with a +0 war axe.
* * * LOW HITPOINT WARNING * * *
The gnoll barely misses you.
You hit the gnoll.
The gnoll is poisoned.
The gnoll is severely wounded.
The orc warrior hits you with a +0 war axe!
You die...

#≈≈≈≈≈# ###≈≈≈≈≈#
#.≈≈≈≈≈≈#
#.≈≈≈≈≈.######
####++#.≈≈≈≈≈......#
#.....#.≈≈≈≈≈......###
#.....'..............#
#..⌠..'....g.....∩..∩#
#.....'..).o@........#
#.....#.≈≈≈≈≈......###
####++#.≈≈≈≈≈......#
#.≈≈≈≈≈.######
#.≈≈≈≈≈≈# ###≈≈≈≈≈#
#≈≈≈≈≈# #≈≈≈≈≈#


You could see an orc warrior (extremely poisoned) and a gnoll (very poisoned).

Vanquished Creatures
  Pargi (D:4)
  A sky beast (D:6)
  An ice beast (D:5)
  An ogre (D:5)
  A black bear (D:5)
  2 centaurs
  A phantom (D:5)
  A kobold brigand (D:6)
  Blork the orc (D:6)
  A bullfrog (D:7)
  2 scorpions
  A necrophage (D:5)
  2 killer bees (D:7)
  5 hounds
  A jelly (D:6)
  An orc priest (D:4)
  Terence (D:2)
  5 iguanas
  Natasha (D:3)
  9 adders
  A gnoll (Bailey)
  A shadow imp (D:6)
  A worm (D:3)
  7 dart slugs
  13 orcs
  A bat zombie (D:3)
  8 endoplasms
  2 giant cockroaches
  8 goblins
  4 hobgoblins
  6 jackals (D:1)
  14 kobolds
  4 quokkas
  5 ball pythons
  11 bats
  A frilled lizard (D:1)
  4 rats
  2 rat zombies (D:3)
132 creatures vanquished.

Vanquished Creatures (others)
  A kobold (D:6)
  A plant (D:3)
2 creatures vanquished.

Grand Total: 134 creatures vanquished

Notes
Turn   | Place    | Note
-------+----------+-------------------------------------------
     0 | D:1      | nobbins the Draconian Conjurer began the quest for the Orb.
     0 | D:1      | Reached XP level 1. HP: 14/14 MP: 3/3
   533 | D:1      | Reached XP level 2. HP: 20/20 MP: 1/5
   984 | D:1      | Learned a level 2 spell: Searing Ray
  1235 | D:1      | Reached XP level 3. HP: 27/27 MP: 4/6
  1450 | D:1      | Reached skill level 1 in Fighting
  1514 | D:2      | Found a snail-covered altar of Cheibriados.
  2006 | D:2      | Reached skill level 1 in Unarmed Combat
  2006 | D:2      | Reached XP level 4. HP: 35/35 MP: 2/7
  2243 | D:2      | Noticed Terence
  2259 | D:2      | Killed Terence
  3012 | D:3      | Found a sacrificial altar of Ru.
  3067 | D:3      | Found a blossoming altar of Fedhas.
  3069 | D:3      | Noticed Natasha
  3080 | D:3      | Killed Natasha
  3081 | D:3      | Reached XP level 5. HP: 24/40 MP: 3/9
  3271 | D:3      | Reached skill level 5 in Conjurations
  3320 | D:3      | Identified the +3 dagger of Famine {pain, rElec rF+ Int-3}
  3360 | D:3      | Found a faded altar of an unknown god.
  3366 | D:3      | Prayed at the altar of an unknown god.
  3366 | D:3      | Became a worshipper of Makhleb the Destroyer
  3366 | D:3      | Reached * piety under Makhleb
  3501 | D:3      | Reached skill level 1 in Short Blades
  3574 | D:3      | Found an ancient bone altar of Kikubaaqudgha.
  3648 | D:4      | Found a hide-covered altar of Uskayaw.
  3698 | D:4      | Noticed a +0 hand axe
  3698 | D:4      | Noticed a +0 dagger
  3700 | D:4      | Noticed Pargi
  3701 | D:4      | Found Jour Jakiu's Weapon Shop.
  3704 | D:4      | Found a shadowy altar of Dithmenos.
  3779 | D:4      | Reached XP level 6. HP: 47/47 MP: 7/11
  3911 | D:4      | Killed Pargi
  4661 | D:5      | Entered Level 5 of the Dungeon
  4746 | D:5      | Your scales start taking on a rich purple colour.
  4746 | D:5      | Reached XP level 7. HP: 53/53 MP: 1/14
  4808 | D:5      | Reached skill level 5 in Spellcasting
  4812 | D:5      | Learned a level 3 spell: Dazzling Flash
  5037 | D:5      | Reached ** piety under Makhleb
  5098 | D:5      | Found Idiosma's Book Boutique.
  5271 | D:5      | Found a staircase to the Ecumenical Temple.
  5305 | D:5      | Found a shimmering blue altar of Sif Muna.
  5378 | D:5      | Found a sparkling altar of Nemelex Xobeh.
  5429 | D:5      | Reached XP level 8. HP: 62/62 MP: 16/16
  5484 | D:5      | Identified the +3 halberd of Geklageo {venom, Drain rCorr
                  | Int+4 Dex+3}
  5685 | D:5      | Learned a level 2 spell: Passwall
  5774 | D:5      | Found a basalt altar of Yredelemnul.
  6248 | D:6      | Reached skill level 1 in Invocations
  6583 | D:6      | Found Oczuox's Distillery.
  6597 | D:6      | Bought a potion of brilliance for 52 gold pieces
  6597 | D:6      | Bought a potion of mutation for 104 gold pieces
  6647 | D:6      | Noticed Blork the orc
  6655 | D:6      | Killed Blork the orc
  7311 | D:7      | Found a flagged portal.
  7312 | D:7      | Noticed Pikel
  7341 | D:7      | HP: 2/66 [lemure[Pikel] (6)]
  7620 | Bailey   | Entered a bailey
  7700 | Bailey   | Slain by an orc warrior

Illustrated notes

Levels and vault maps discovered:
D:1:      evilmike_arrival_rings, layout_rooms
D:2:      layout_rooms, serial_rivers, chequers_serial_rivers_large_a,
          chequers_serial_rivers_small_3, chequers_serial_rivers_micro_d,
          chequers_serial_rivers_micro_a, chequers_serial_rivers_micro_e,
          basic_altar, uniq_terence
D:3:      layout_basic, lemuel_zombie_altar_kikubaaqudgha,
          overflow_temple_1_default, fedhas_ov_isle_minmay,
          hellmonk_ecumenical_altar_run_dry, uniq_natasha
D:4:      layout_rooms, general_overflow_altar, dancing_weapons_uskayaw,
          serial_shops, shop, minivault_1, uniq_pargi
D:5:      layout_basic, lemuel_doored_altar, yredelemnul_altar_generic,
          kennysheep_mini_moat, minmay_temple_entry_antechambers, serial_shops,
          shop, hangedman_decor_riveting, grunt_tough_drop
D:6:      layout_cave_pods, serial_shops, shop, uniq_blork_the_orc
D:7:      layout_basic, enter_bailey_5, uniq_pikel, uniq_maggie
Bailey:   bailey_axe_of_yendor_kennysheep, bailey

Skill      XL: |  1  2  3  4  5  6  7  8 |
---------------+-------------------------+-----
Stealth        | 2 3 4 |  4.3
Fighting       | 1 2 3 |  3.8
Dodging        | 2 3 |  3.9
Unarmed Combat | 1 |  1.1
Spellcasting   | 3 4 5 6 |  6.1
Conjurations   | 5 6 |  6.7
Short Blades   | 1 2 4 |  4.0
Invocations    | 2 |  2.4

Action                   |  1- 3 |  4- 6 |  7- 9 || total
-------------------------+-------+-------+-------++-------
Melee: Unarmed           |    44 |       |       ||    44
       Tailslap          |     7 |     5 |    11 ||    23
       Dagger            |    15 |    41 |    89 ||   145
       Short sword       |     8 |       |       ||     8
       Punch             |     1 |       |     2 ||     3
 Cast: Magic Dart        |    71 |    94 |    43 ||   208
       Searing Ray       |     1 |     9 |    21 ||    31
Invok: Minor Destruction |       |       |     8 ||     8
Evoke: Wand              |       |       |     1 ||     1
  Use: Scroll            |     1 |     8 |     7 ||    16
       Potion            |       |       |     3 ||     3
 Stab: Sleeping          |       |     1 |     3 ||     4
Armor: Skin              |    28 |    22 |    37 ||    87
Dodge: Dodged            |    51 |    43 |    91 ||   185

Table legend: (Time is in decaauts)
 A = Elapsed time spent in this place.
 B = Non-inter-level travel time spent in this place.
 C = Inter-level travel time spent in this place.
 D = Time resting spent in this place.
 E = Time spent auto-exploring this place.
 F = Levels seen in this place.
 G = Mean time per level.
                   A        B        C        D        E       F      G
               +--------+--------+--------+--------+--------+-----+--------+
         Total |   7709 |   7597 |    112 |   1558 |   4182 |   8 |  963.6 |
       Dungeon |   7630 |   7518 |    112 |   1511 |   4182 |   7 | 1090.0 |
        Bailey |     79 |     79 |      0 |     47 |      0 |   1 |   79.0 |
               +--------+--------+--------+--------+--------+-----+--------+

Top non-repeatable levels by time:
     D:1: 1513 daAuts
     D:6: 1294 daAuts
     D:5: 1239 daAuts
     D:2: 1063 daAuts
     D:3: 1053 daAuts
     D:4: 1053 daAuts
     D:7: 413 daAuts
  Bailey: 79 daAuts
